cohdb
Replays
Latest Replays
All Replays
Popular Replays
Top Player Replays
Match Explorer
How It Works
Community
CoH3 Stats
Reddit
Sign in to upload your games and track your stats! →
Sign in with Steam
Match 39481795
Unlisted
Match 39481795
Overview
Messages
Build Orders
End
Construct Section Command Post
Selects Canadian Shock Battlegroup
Infantry Section
Infantry Section
Vickers Machine Gun Team
Infantry Section
Selects Incendiary Munitions
Selects Attacking Spirit
Construct Platoon Command Post
Selects Canadian Shock Section
Canadian Shock Section
AI Takeover
NaClO
Polaris
Colonel_Me
Nuclear Viking
Kaalar
Smashw
0
0
Comments
sign in to comment!
No comments posted yet!